 Dungeon Crawl Stone Soup version 0.26.0-41-g79a4fc7684 (webtiles) character file.

Game seed: 739338588481810603

123776 Delamore the Warrior (level 16, -2/112 HPs)
             Began as a Gargoyle Fighter on Jan 26, 2021.
             Was the Champion of Okawaru.
             Engulfed by a cloud of spectral mist (5 damage)
             ... on level 3 of the Swamp.
             The game lasted 00:24:57 (26229 turns).

Delamore the Warrior (Gargoyle Fighter)            Turns: 26229, Time: 00:24:58

Health: -2/112     AC: 39    Str: 25    XL:     16   Next: 91%
Magic:  19/19      EV:  8    Int: 14    God:    Okawaru [******]
Gold:   3496       SH: 19    Dex:  7    Spells: 15/15 levels left

rFire    + + .     SeeInvis +   Q - +5 demon whip (vamp)
rCold    . . .     Faith    .   c - +0 kite shield
rNeg     + . .     Spirit   .   V - +4 chain mail "Cevik" {Rampage *Slow rF++ SInv}
rPois    ∞         Reflect  +   Y - +0 helmet {Int+3}
rElec    +         Harm     .   t - +0 cloak
rCorr    .         Rampage  +   M - +0 pair of gloves
Will     ++...                  F - +2 pair of boots "Riupetuo" {rElec}
Stlth    ..........             l - amulet of reflection
HPRegen  0.28/turn              W - +4 ring of protection
MPRegen  0.16/turn              G - ring of willpower

@: flying
A: big wings, clumsy 1, negative energy resistance 1, electricity resistance,
unbreathing, petrification resistance, miasma immunity, AC +12
a: Stop Flying, Renounce Religion, Heroism, Finesse


You were on level 3 of the Swamp.
You worshipped Okawaru.
Okawaru was exalted by your worship.
You visited 6 branches of the dungeon, and saw 28 of its levels.

You collected 3668 gold pieces.
You spent 172 gold pieces at shops.

Inventory:

Hand Weapons
 i - a +7 eveningstar of holy wrath
 Q - a +5 vampiric demon whip (weapon)
Missiles
 o - 8 throwing nets (quivered)
 y - 9 javelins
 E - 7 silver javelins
 O - 6 atropa-tipped darts
Armour
 c - a +0 kite shield (worn)
 t - a +0 cloak (worn)
 F - the +2 pair of boots "Riupetuo" (worn) {rElec}
   (Okawaru gifted it to you on level 4 of the Lair of Beasts)

   It insulates you from electricity.
 M - a +0 pair of gloves (worn)
 V - the +4 chain mail "Cevik" (worn) {Rampage *Slow rF++ SInv}
   (You found it on level 6 of the Lair of Beasts)

   It greatly protects you from fire.
   It lets you see invisible.
   It may slow you when you take damage.
   It bestows one free step when moving towards enemies.
 Y - a +0 helmet of intelligence (worn)
Jewellery
 l - an amulet of reflection (around neck)
 G - a ring of willpower (right hand)
 W - a +4 ring of protection (left hand)
Wands
 b - a wand of flame (15)
 j - a wand of acid (7)
 N - a wand of disintegration (24)
 P - a wand of paralysis (7)
 Z - a wand of iceblast (16)
Scrolls
 a - 2 scrolls of holy word
 f - 5 scrolls of fog
 h - 3 scrolls of enchant armour
 k - 4 scrolls of teleportation
 n - 6 scrolls of magic mapping
 q - 2 scrolls of silence
 r - 3 scrolls of immolation
 s - 3 scrolls of brand weapon
 v - 7 scrolls of blinking
 x - a scroll of fear
 D - 3 scrolls of enchant weapon
 L - a scroll of torment
 U - 6 scrolls of remove curse
Potions
 d - a potion of might
 u - 3 potions of ambrosia
 w - 4 potions of heal wounds
 z - 7 potions of haste
 A - 2 potions of mutation
 B - 2 potions of berserk rage
 I - 8 potions of curing
 J - a potion of resistance
 T - 2 potions of invisibility
 X - a potion of cancellation
Miscellaneous
 K - a phantom mirror


   Skills:
 + Level 16.9 Fighting
 - Level 16.0 Maces & Flails
 - Level 5.0 Throwing
 - Level 10.0 Armour
 + Level 16.9 Shields
 - Level 5.0 Invocations


You had 15 spell levels left.
You didn't know any spells.
Your spell library contained the following spells:

 Spells                   Type           Power        Failure   Level
 Animate Skeleton         Necr           0%           82%         1
 Pain                     Necr           0%           82%         1
 Shock                    Conj/Air       0%           82%         1
 Poisonous Vapours        Pois/Air       0%           91%         2
 Swiftness                Air            0%           91%         2
 Conjure Flame            Conj/Fire      0%           99%         3
 Mephitic Cloud           Conj/Pois/Air  0%           99%         3
 Static Discharge         Conj/Air       0%           99%         3
 Vampiric Draining        Necr           0%           99%         3
 Airstrike                Air            0%           100%        4
 Animate Dead             Necr           0%           100%        4
 Leda's Liquefaction      Hex/Erth       0%           100%        4
 Agony                    Necr           0%           100%        5
 Bolt of Magma            Conj/Fire/Erth 0%           100%        5
 Lightning Bolt           Conj/Air       0%           100%        5
 Freezing Cloud           Conj/Ice/Air   0%           100%        6
 Iron Shot                Conj/Erth      0%           100%        6
 Shatter                  Erth           0%           100%        9
 Statue Form              Tmut/Erth      Unusable     N/A         6

Dungeon Overview and Level Annotations

Branches:
Dungeon (15/15)            Temple (1/1) D:7            Lair (6/6) D:8
  Swamp (3/4) Lair:3       Spider (0/4) Lair:2        Slime (1/5) Lair:5
    Orc (2/2) D:9             Elf (0/3) Orc:2        Vaults (0/5) D:13
 Depths (0/5) D:15

Altars:
Ashenzari
Cheibriados
Elyvilon
Fedhas
Gozag
Hepliaklqana
Kikubaaqudgha
Makhleb
Nemelex Xobeh
Okawaru
Qazlal
Ru
Sif Muna
Trog
Vehumet
Wu Jian
Xom
Yredelemnul
Zin
The Shining One
Beogh
Jiyva

Shops:
Orc:2 ?([

Annotations:
D:5 1 runed translucent door, Kejsarherre's ghost, novice GrDe
Lair:1 2 transporters, Bauqient's ghost, journeyman MfSu
Lair:2 exclusion: oklob plant


Innate Abilities, Weirdness & Mutations

You are resistant to torment.
Your stone body is resilient. (AC +12)
You are immune to poison.
Your large and strong wings let you fly indefinitely.
You resist negative energy. (rN+)
You are resistant to electric shocks. (rElec)
You can survive without breathing.
You are immune to petrification.
You are immune to miasma.
You are clumsy. (Dex -2)


Message History

You are engulfed in spectral mist.
* * * LOW HITPOINT WARNING * * *
You block the spectral swamp dragon's attack.
The spectral swamp dragon claws you but does no damage.
You block the spectral swamp dragon's attack.
The swamp dragon bites you!
* * * LOW HITPOINT WARNING * * *
You block the swamp dragon's attack. The swamp dragon tramples you.
* * * LOW HITPOINT WARNING * * *
You hold your ground!
The spectral goliath frog hits you but does no damage.
The spectral bunyip claws you.
* * * LOW HITPOINT WARNING * * *
The spectral bunyip claws you!!
* * * LOW HITPOINT WARNING * * *
You block the spectral bunyip's attack.
You hit the ghost crab but do no damage.
The ghost crab is lightly damaged.
You are engulfed in spectral mist.
You die...

≈≈≈.≈.§≈♣
♣..≈.§.≈♣ ♣♣
♣...§≈≈§♣♣♣♣≈. ♣♣
♣≈♣$....≈♣≈§≈≈
#♣≈♣♣♣...≈§..§○≈≈.
#.≈≈.....≈≈≈≈°☼≈≈.
#≈§≈§....○≈ZZ○♣
≈≈≈≈.≈.°≈ZZD#
.≈≈§≈.≈≈Zt@#.../.
≈≈.♣.≈≈°ZZ#....#
♣<.○.○.°... .
♣...♣†..Z.....
#.##♣.#≈≈§≈≈.. #.
.§≈≈.≈§≈?. #
.[.........
....≈...♣≈...
#.##≈....≈


You could see a swamp dragon, a ghost crab, a spectral eight-headed hydra
(summoned), a spectral six-headed hydra (summoned), a spectral swamp dragon
(summoned), a spectral spriggan rider (summoned), 2 spectral bunyips and 2
spectral goliath frogs.

Vanquished Creatures
  Rupert (D:13)
  Jorgrun (Orc:1)
  A thorn hunter (Swamp:1)
  Nessos (D:13)
  Azrael (D:15)
  A bunyip (Swamp:3)
  A fire dragon (D:13)
  2 eleionomae (Swamp:1)
  2 ogre magi (Orc:2)
  Harold (D:10)
  3 boulder beetles
  2 ghost crabs
  14 hydras
  Erica (D:10)
  2 centaur warriors (D:14)
  A merfolk avatar (Lair:6)
  A catoblepas (Lair:3)
  16 two-headed ogres
  A tengu warrior (D:11)
  6 alligators
  Urug (D:13)
  9 spriggans
  A skeletal warrior (D:15)
  2 unseen horrors
  2 deep trolls (Orc:2)
  A flayed ghost (D:15)
  3 bog bodies
  A goliath frog (Swamp:2)
  A lindwurm (Lair:5)
  A spriggan druid (Swamp:1)
  4 orc knights
  A swamp dragon (Swamp:1)
  2 deep elf magi (D:15)
  An obsidian statue (D:14)
  A necromancer (D:15)
  4 will-o-the-wisps
  4 cyclopes
  2 frost giant zombies (D:15)
  7 ugly things
  2 manticores (Lair:6)
  3 centaur zombies
  Maurice (Orc:2)
  18 elephants
  A torpor snail (Lair:2)
  Joseph (D:7)
  4 gargoyles
  17 cane toads
  5 komodo dragons
  4 kobold demonologists
  5 rime drakes
  A guardian mummy (D:15)
  16 trolls
  10 hornets
  A queen bee (Lair:2)
  A polar bear (Lair:6)
  Grinder (D:6)
  4 tyrant leeches
  2 wind drakes (Lair:6)
  3 blink frogs (Lair:3)
  13 slime creatures
  7 dream sheep (Lair:6)
  A fire dragon skeleton (D:15)
  2 centaur simulacra (D:14)
  A redback (Lair:2)
  A shadow (D:15)
  5 wyverns
  A vampire (D:14)
  35 yaks
  3 wraiths
  A steam dragon (Lair:3)
  16 humans
  A fire elemental (D:15)
  7 basilisks
  18 vampire mosquitoes
  Menkaure (D:5)
  A tengu zombie (D:15)
  Edmund (D:5)
  6 wargs
  2 acid dragons
  7 swamp worms
  14 water moccasins
  4 hell hounds (D:15)
  A swamp drake (Swamp:3)
  5 ice beasts
  3 black bears
  27 orc warriors
  3 sky beasts
  28 ogres
  4 phantoms
  An eye of draining (D:13)
  2 necrophages
  15 centaurs
  12 big kobolds
  11 bullfrogs
  A wyvern zombie (D:13)
  2 scorpions
  A wyvern skeleton (D:14)
  27 killer bees
  5 wights (D:13)
  4 electric eels
  A crimson imp (D:14)
  A wyvern simulacrum (D:14)
  A quasit (D:7)
  A jelly (D:10)
  14 orc priests
  2 bullfrog skeletons
  3 centaur skeletons
  6 hounds
  Crazy Yiuf (D:4)
  2 iguanas
  An iron imp (D:14)
  Ijyb (D:5)
  Natasha (thrice) (D:2)
  34 orc wizards
  9 worker ants
  3 hound skeletons
  A worker ant zombie (D:10)
  13 gnolls
  4 adders
  3 shadow imps
  3 white imps
  3 ufetubi
  2 oozes
  An adder zombie (D:5)
  An adder skeleton (D:8)
  3 worms
  2 dart slugs
  A leopard gecko (D:3)
  106 orcs
  9 giant cockroaches
  13 goblins
  7 hobgoblins
  11 jackals
  6 quokkas
  8 bats
  10 frilled lizards
  32 kobolds
  A leopard gecko zombie (D:9)
  A quokka skeleton (D:4)
  5 rats
836 creatures vanquished.

Vanquished Creatures (others)
  An alligator (Swamp:2)
  3 spriggans (Swamp:3)
  An unseen horror (D:13)
  4 bloated husks
  3 hornets (Swamp:3)
  2 orcs (Orc:2)
  A kobold (D:14)
  3 bushes
  8 foxfires
  33 fungi
  90 plants
  7 withered plants (D:15)
156 creatures vanquished.

Grand Total: 992 creatures vanquished

Notes
Turn   | Place    | Note
-------+----------+-------------------------------------------
     0 | D:1      | Delamore the Gargoyle Fighter began the quest for the Orb.
     0 | D:1      | Reached XP level 1. HP: 14/14 MP: 1/1
   284 | D:1      | Reached XP level 2. HP: 18/19 MP: 2/2
   431 | D:1      | Reached XP level 3. HP: 17/24 MP: 3/3
  1386 | D:2      | Noticed Natasha
  1388 | D:2      | Killed Natasha
  1389 | D:2      | Reached XP level 4. HP: 29/29 MP: 4/4
  1420 | D:2      | Noticed Natasha
  1425 | D:2      | Killed Natasha
  1678 | D:2      | Reached XP level 5. HP: 31/34 MP: 5/5
  1820 | D:2      | Noticed Natasha
  1830 | D:2      | Killed Natasha
  2699 | D:3      | Found a radiant altar of Vehumet.
  2834 | D:4      | Reached XP level 6. HP: 40/40 MP: 6/6
  2856 | D:4      | Reached skill level 5 in Fighting
  2940 | D:4      | Found a runed translucent door.
  2953 | D:4      | Noticed Crazy Yiuf
  2966 | D:4      | Killed Crazy Yiuf
  2967 | D:4      | Reached skill level 5 in Shields
  3489 | D:4      | Noticed a phantom
  3552 | D:4      | Killed a phantom
  3553 | D:4      | Reached skill level 5 in Maces & Flails
  3553 | D:4      | Reached XP level 7. HP: 21/44 MP: 7/7
  4019 | D:4      | Found a burning altar of Makhleb.
  4277 | D:5      | Entered Level 5 of the Dungeon
  4722 | D:5      | Noticed Edmund
  4738 | D:5      | Killed Edmund
  4739 | D:5      | Reached XP level 8. HP: 49/49 MP: 8/8
  4853 | D:5      | Noticed Kejsarherre's ghost (novice GrDe)
  4859 | D:5      | Found a runed translucent door.
  4869 | D:5      | Noticed Menkaure
  4879 | D:5      | Killed Menkaure
  5258 | D:5      | Noticed Ijyb
  5278 | D:5      | Killed Ijyb
  5479 | D:5      | Found an opulent altar of Gozag.
  6572 | D:6      | Reached skill level 10 in Maces & Flails
  6576 | D:6      | Noticed Grinder
  6577 | D:6      | Paralysed by Grinder for 7 turns
  6589 | D:6      | Paralysed by Grinder for 3 turns
  6596 | D:6      | Paralysed by Grinder for 2 turns
  6608 | D:6      | Paralysed by Grinder for 4 turns
  6614 | D:6      | Paralysed by Grinder for 2 turns
  6633 | D:6      | Killed Grinder
  6634 | D:6      | Reached XP level 9. HP: 35/54 MP: 9/9
  7204 | D:7      | Noticed a cyclops
  7578 | D:7      | Noticed Joseph
  7596 | D:7      | Killed Joseph
  7815 | D:7      | Found a staircase to the Ecumenical Temple.
  7830 | Temple   | Entered the Ecumenical Temple
  7968 | Temple   | Became a worshipper of Warmaster Okawaru
  8310 | D:8      | Found a shimmering altar of Xom.
  8310 | D:8      | Found a shimmering altar of Xom.
  8325 | D:8      | Found a shimmering altar of Xom.
  8326 | D:8      | Found a shimmering altar of Xom.
  8326 | D:8      | Found a shimmering altar of Xom.
  8428 | D:8      | Reached * piety under Okawaru
  8443 | D:8      | Found a staircase to the Lair.
  8581 | D:8      | Found a broken altar of Ashenzari.
  8762 | D:8      | Found a shimmering altar of Xom.
  8764 | D:8      | Found a shimmering altar of Xom.
  8765 | D:8      | Noticed a harpy
  8765 | D:8      | a spriggan changed into a harpy
  8777 | D:8      | Found a glowing silver altar of Zin.
  8867 | D:8      | Noticed a meliai
  9148 | D:9      | Reached XP level 10. HP: 59/59 MP: 10/10
  9326 | D:9      | Reached ** piety under Okawaru
  9507 | D:9      | Found an ornate altar of the Wu Jian Council.
  9528 | D:9      | Found a blossoming altar of Fedhas.
  9528 | D:9      | Found a stormy altar of Qazlal.
  9539 | D:9      | Found a staircase to the Orcish Mines.
  9720 | D:9      | Noticed a gargoyle
  9726 | D:9      | Killed a gargoyle
 10023 | D:9      | Found a hazy altar of Hepliaklqana.
 10177 | Orc:1    | Entered Level 1 of the Orcish Mines
 10415 | Orc:1    | Noticed an orc knight
 10419 | Orc:1    | Noticed an orc knight
 10492 | Lair:1   | Entered Level 1 of the Lair of Beasts
 10512 | Lair:1   | Noticed a five-headed hydra
 10551 | Lair:1   | Killed a five-headed hydra
 10551 | Lair:1   | Reached *** piety under Okawaru
 10986 | Lair:1   | Found a transporter.
 10994 | Lair:1   | Found a bloodstained altar of Trog.
 11000 | Lair:1   | Found a transporter.
 11000 | Lair:1   | Identified the +6 spear of Mayhem {flame, Int+3}
 11000 | Lair:1   | Noticed a spriggan rider
 11001 | Lair:1   | Noticed a moth of wrath
 11001 | Lair:1   | Identified the +6 demon trident of Anger {antimagic, rF++}
 11001 | Lair:1   | Noticed a spriggan rider
 11001 | Lair:1   | Noticed Bauqient's ghost (journeyman MfSu)
 11014 | Lair:1   | Noticed a moth of wrath
 11086 | Lair:1   | Reached **** piety under Okawaru
 11087 | Lair:1   | Reached XP level 11. HP: 53/66 MP: 11/11
 11702 | Lair:2   | Reached ***** piety under Okawaru
 12048 | Lair:2   | Found a hole to the Spider Nest.
 12172 | Lair:2   | Noticed an eight-headed hydra
 12181 | Lair:2   | Killed an eight-headed hydra
 12291 | Lair:2   | Noticed an oklob plant
 13346 | Lair:3   | Received a gift from Okawaru
 13503 | Lair:3   | Reached skill level 10 in Fighting
 13503 | Lair:3   | Reached skill level 10 in Shields
 13586 | Lair:3   | Reached XP level 12. HP: 37/77 MP: 12/12
 13952 | Lair:3   | Noticed a catoblepas
 13970 | Lair:3   | Killed a catoblepas
 14049 | Lair:3   | Found a staircase to the Swamp.
 14514 | Lair:4   | Received a gift from Okawaru
 14524 | Lair:4   | Got a pair of jewelled boots {god gift}
 14549 | Lair:4   | Identified the +2 pair of boots "Riupetuo" {rElec} (Okawaru
                  | gifted it to you on level 4 of the Lair of Beasts)
 15440 | Lair:5   | Found a viscous altar of Jiyva.
 15441 | Lair:5   | Found a staircase to the Slime Pits.
 16190 | Lair:6   | Entered Level 6 of the Lair of Beasts
 16255 | Slime:1  | Entered Level 1 of the Pits of Slime
 16327 | Lair:6   | Noticed a seven-headed hydra
 16327 | Lair:6   | Noticed a seven-headed hydra
 16430 | Lair:6   | Reached XP level 13. HP: 43/85 MP: 8/13
 16472 | Lair:6   | Reached skill level 15 in Maces & Flails
 17090 | Lair:6   | Reached ****** piety under Okawaru
 17090 | Lair:6   | Received a gift from Okawaru
 17673 | Lair:6   | Got a jewelled chain mail
 17711 | Lair:6   | Identified the +4 chain mail "Cevik" {Rampage *Slow rF++
                  | SInv} (You found it on level 6 of the Lair of Beasts)
 17993 | Orc:1    | Gained mutation: Your large and strong wings let you fly
                  | indefinitely. [Gargoyle growth]
 17993 | Orc:1    | Reached XP level 14. HP: 94/94 MP: 14/14
 18023 | Orc:1    | Received a gift from Okawaru
 18154 | Orc:1    | Noticed Jorgrun
 18171 | Orc:1    | Killed Jorgrun
 18401 | Orc:2    | Entered Level 2 of the Orcish Mines
 18439 | Orc:2    | Found a staircase to the Elven Halls.
 18524 | Orc:2    | Found Siahyat's Book Shop.
 18700 | Orc:2    | Received a gift from Okawaru
 18755 | Orc:2    | Found Mac Vilu's Antique Weapon Shoppe.
 18756 | Orc:2    | Found Kaadwiqe's Magic Scroll Emporium.
 18756 | Orc:2    | Found Ippagef's Antique Armour Shoppe.
 18771 | Orc:2    | Bought 2 scrolls of identify for 60 gold pieces
 18771 | Orc:2    | Bought a scroll of blinking for 112 gold pieces
 19174 | Orc:2    | Noticed Maurice
 19184 | Orc:2    | Killed Maurice
 19530 | D:10     | Entered Level 10 of the Dungeon
 19623 | D:10     | Noticed Harold
 19631 | D:10     | Killed Harold
 19693 | D:10     | Noticed Erica
 19712 | D:10     | Killed Erica
 19776 | D:10     | Reached skill level 15 in Shields
 20001 | D:11     | Reached skill level 15 in Fighting
 20073 | D:11     | Reached skill level 1 in Invocations
 20092 | D:11     | Reached skill level 1 in Throwing
 20198 | D:11     | Reached XP level 15. HP: 103/103 MP: 16/16
 20239 | D:11     | Identified 2 scrolls of acquirement
 20245 | D:11     | Acquired a +7 eveningstar of holy wrath
 20246 | D:11     | Acquired 964 gold pieces
 20773 | D:12     | Reached skill level 5 in Armour
 21049 | D:12     | Received a gift from Okawaru
 21128 | D:13     | Found a gate to the Vaults.
 21128 | D:13     | Noticed Nessos
 21128 | D:13     | Noticed Rupert
 21128 | D:13     | Noticed Urug
 21261 | D:13     | Killed Rupert
 21262 | D:13     | Reached skill level 5 in Invocations
 21422 | D:13     | Killed Nessos
 21525 | D:13     | Received a gift from Okawaru
 21568 | D:13     | Killed Urug
 21569 | D:13     | Reached skill level 5 in Throwing
 22287 | D:14     | Received a gift from Okawaru
 22399 | D:14     | Reached skill level 10 in Armour
 22435 | D:14     | Found a roughly hewn altar of Beogh.
 22581 | D:14     | Got a dazzling cloak
 22592 | D:14     | Identified the -6 cloak of Autumn {-Tele rCorr Str+8 Int+7}
                  | (You found it on level 14 of the Dungeon)
 22735 | D:14     | Gained mutation: You are clumsy. (Dex -2) [a neqoxec]
 23048 | D:14     | Reached XP level 16. HP: 108/108 MP: 19/19
 23331 | D:15     | Entered Level 15 of the Dungeon
 23462 | D:15     | Noticed Azrael
 23471 | D:15     | Killed Azrael
 24189 | D:15     | Found a snail-covered altar of Cheibriados.
 24224 | D:15     | Found a staircase to the Depths.
 24599 | Swamp:1  | Entered Level 1 of the Swamp
 24665 | Swamp:1  | Received a gift from Okawaru
 25005 | Swamp:1  | Noticed a thorn hunter
 25013 | Swamp:1  | Killed a thorn hunter
 26217 | Swamp:3  | HP: 2/112 [spectral bunyip[a ghost crab] (12)]
 26224 | Swamp:3  | Received a gift from Okawaru
 26228 | Swamp:3  | HP: 3/112 [spectral bunyip[a ghost crab] (18)]
 26229 | Swamp:3  | Engulfed by a cloud of spectral mist

Illustrated notes

Levels and vault maps discovered:
D:1:      dpeg_arrival_circle_labyrinth_c, layout_basic, minmay_hedge_maze,
          hangedman_decor_peaks_small
D:2:      layout_loops_ring, grunt_ministairs_14, uniq_natasha
D:3:      layout_rooms, nicolae_overflow_crystal_walls, minmay_lizard_king
D:4:      layout_basic, makhleb_blood_cavern_becter, uniq_crazy_yiuf_cottage
D:5:      layout_basic, hellmonk_ghost_happy_afterlife,
          hangedman_decor_diamond_cutter, nicolae_gozag_seed_capital, uniq_ijyb,
          uniq_edmund, uniq_menkaure
D:6:      layout_layer_cave, kennysheep_generic_room_9, uniq_grinder
D:7:      layout_basic, minmay_temple_entry_glassed_door, minmay_manual_mullet,
          uniq_joseph
D:8:      layout_loops_cross, xom_shifter_show, cheibrodos_ashenzari_chains,
          general_overflow_altar, lair_entry_dummy
D:9:      layout_irregular_city, grunt_temple_overflow_forces_of_nature,
          nzn_wu_jian_council_hall, nzn_hepliaklqana_mist_gate,
          minmay_orc_entry_guard_dogs, onia_ninara_dug_in_and_dangerous
D:10:     layout_rooms, uniq_erica, uniq_harold
D:11:     layout_roguey
D:12:     layout_irregular_city
D:13:     layout_roguey, david_vaults_3, skrybe_limestone_x, uniq_urug
D:14:     kennysheep_kobold_grotto, layout_rooms, serial_bayou_pond_d,
          special_room [special_room_orc]
D:15:     gammafunk_depths_entry_grave, layout_cross, cheibriados_altar_1,
          serial_bayou_lagoon_a, uniq_azrael, uniq_rupert
Temple:   nicolae_temple_figure_eight
Lair:1:   layout_chaotic_city, gammafunk_ghost_wrathful_warriors
Lair:2:   layout_loops_ring, spider_nest_entry_rubble, special_room
          [special_room_bee], minmay_lair_oklob_chamber
Lair:3:   layout_roguey, minmay_swamp_entry_worms, serial_bayou_shore_a
Lair:4:   layout_regular_city, lemuel_fruit_tree, lemuel_fruit_fields,
          serial_bayou_shore_b
Lair:5:   layout_gridlike, slime_altar_1, grunt_megastairs_1
Lair:6:   gammafunk_lair_ancient_temple, layout_loops_ring, grunt_megastairs_4
Swamp:1:  layout_basic_swamp, evilmike_swamp_ruin_house_2, swamp_pool1,
          nicolae_swamp_very_dense_foliage
Swamp:2:  layout_falls_marsh, nicolae_swamp_fairy_circle,
          infiniplex_staircase_pool_2
Swamp:3:  layout_basic_swamp, evilmike_swamp_ruin_house_6, swamp_pool3,
          nicolae_swamp_orc_logging_accident, amcnicky_altar_lugonu_corruption
Slime:1:  layout_caves
Orc:1:    layout_caves, uniq_jorgrun
Orc:2:    st_orc_open, layout_caves, special_room, guppyfry_library_mini,
          uniq_maurice

Skill      XL: |  1  2  3  4  5  6  7  8  9 10 11 12 13 14 15 16 |
---------------+-------------------------------------------------+-----
Shields        | 4 5 6 10 11 13 15 16 | 16.9
Fighting       | 4 5 6 10 11 13 15 16 | 16.9
Maces & Flails | 3 5 7 10 12 14 15 16 | 16.0
Invocations    | 2 5 |  5.0
Throwing       | 1 5 |  5.0
Armour         | 4 10 | 10.0

Action                   |  1- 3 |  4- 6 |  7- 9 | 10-12 | 13-15 | 16-18 || total
-------------------------+-------+-------+-------+-------+-------+-------++-------
Melee: Flail             |   118 |   225 |       |       |       |       ||   343
       Mace              |       |    92 |   534 |   215 |       |       ||   841
       Morningstar       |       |       |       |   754 |   165 |       ||   919
       Demon whip        |       |       |       |       |  1713 |   722 ||  2435
Throw: Throwing net      |       |       |     2 |       |       |       ||     2
Invok: Heroism           |       |       |       |     3 |     1 |       ||     4
       Finesse           |       |       |       |     1 |       |       ||     1
 Abil: Fly               |       |       |       |       |       |     1 ||     1
  Use: Scroll            |       |       |    14 |     7 |    12 |     8 ||    41
       Potion            |       |       |     3 |     3 |     2 |     2 ||    10
 Stab: Held in net/web   |       |       |     1 |       |       |       ||     1
Armor: Scale mail        |    86 |   172 |   231 |   100 |       |       ||   589
       Plate armour      |       |       |       |   463 |   337 |       ||   800
       Chain mail        |       |       |       |       |   583 |   373 ||   956
Dodge: Dodged            |    72 |   107 |   134 |   207 |   363 |   141 ||  1024
Block: Kite shield       |    75 |   158 |   324 |   869 |  1676 |   557 ||  3659
       Reflection        |       |       |    11 |     3 |    37 |    13 ||    64
